 Dungeon Crawl Stone Soup version 0.29-a0-997-gf6f7e2dfe7 (webtiles) character file.

Game seed: 17964721720470936864

65 Newt the Shooter (level 4, -8/26 HPs)
             Began as a Kobold Arcane Marksman on Aug 4, 2022.
             Killed by nerve-wracking pain
             ... invoked by an orc priest
              (12 damage)
             ... on level 3 of the Dungeon.
             The game lasted 00:03:21 (2483 turns).

Newt the Shooter (Kobold Arcane Marksman)           Turns: 2483, Time: 00:03:22

Health: -8/26      AC:  2    Str:  7    XL:     4   Next: 35%
Magic:  5/5        EV: 15    Int: 14    God:
Gold:   89         SH:  0    Dex: 17    Spells: 4/5 levels left

rFire   . . .      SeeInvis .   a - +2 sling
rCold   . . .      Faith    .   (no shield)
rNeg    . . .      Spirit   .   c - +0 robe
rPois   .          Reflect  .   (no helmet)
rElec   .          Harm     .   (no cloak)
rCorr   .          Rampage  .   (no gloves)
Will    .....                   (no boots)
Stlth   +++.......              (no amulet)
HPRegen 0.08/turn               (no ring)
MPRegen 0.09/turn               (no ring)

@: no status effects
A: small, no large weapons, nightstalker 3
a: no special abilities


You were on level 3 of the Dungeon.
You visited 1 branch of the dungeon, and saw 4 of its levels.

You collected 89 gold pieces.

Inventory:

Hand Weapons
 a - a +2 sling (weapon)
Armour
 c - a +0 robe (worn)
Scrolls
 b - 2 scrolls of vulnerability
 j - a scroll of identify {unknown}
Potions
 d - 2 potions of attraction {unknown}
 e - a potion of heal wounds {unknown}
 f - a potion of mutation {unknown}
 g - a potion of resistance {unknown}
 h - 2 potions of haste {unknown}
 i - 2 potions of curing {unknown}


   Skills:
 + Level 1.6 Fighting
 + Level 5.4 Ranged Weapons
 - Level 2.4 Dodging
 + Level 0.7 Stealth
 - Level 1.1 Spellcasting
 - Level 3.0 Hexes


You had 4 spell levels left.
You knew the following spells:

 Your Spells              Type           Power      Damage    Failure   Level
a - Slow                  Hex            36%        N/A       8%          1

Your spell library contained the following spells:

 Spells                   Type           Power      Damage    Failure   Level
 Inner Flame              Hex/Fire       4%         N/A       38%         3
 Portal Projectile        Hex/Tloc       8%         N/A       38%         3
 Cause Fear               Hex            4%         N/A       58%         4
 Summon Ice Beast         Ice/Summ       0%         N/A       95%         4
 Summon Mana Viper        Hex/Summ       4%         N/A       98%         5
 Monstrous Menagerie      Summ           0%         N/A       100%        7


Dungeon Overview and Level Annotations

Branches:
Dungeon (4/15)
 Temple: D:4-7

Altars:
Ashenzari
Xom


Innate Abilities, Weirdness & Mutations

You are small and have problems with some larger weapons.
You are completely attuned to the shadows.


Message History

You now have 89 gold pieces (gained 12).
You see here 9 stones.
A giant cockroach comes into view.
A giant cockroach is nearby!
You shoot a sling bullet.
The sling bullet hits the giant cockroach.
You kill the giant cockroach!
No target in view!
No target in view!
No target in view!
There is a stone staircase leading up here.
There is a broken altar of Ashenzari here.
Found a club.
The orc shouts!
You hear a shout!
You shoot a sling bullet. The sling bullet barely misses the orc.
You hear a shout!
You shoot a sling bullet. The sling bullet hits the orc.
You kill the orc!
You hear a shout!
An orc priest comes into view. It is wielding a +0 mace.
You shoot a sling bullet. The sling bullet hits the orc priest.
The orc priest is lightly wounded.
The orc priest invokes the aid of Beogh against you.
Beogh smites you!
You shoot a sling bullet.
The sling bullet closely misses the orc priest.
You shoot a sling bullet.
The sling bullet hits the orc priest but does no damage.
The orc priest is lightly wounded.
The orc priest hits you with a +0 mace. The orc priest closely misses you.
An orc comes into view.
It is wielding a +0 quarterstaff and quivering poisoned darts.
You are too injured to fight recklessly!
You are too injured to fight recklessly!
You are too injured to fight recklessly!
The orc priest attacks as you move away!
The orc priest hits you with a +0 mace.
* * * LOW HITPOINT WARNING * * *
The orc priest invokes the aid of Beogh against you.
Pain shoots through your body!
You die...

#.#†##.# #...............#
#.#.##.# #.....#.......#.#
#.#.##.# ##.._.#..♣♣......
#......# #....#..♣♣..)...
#......# #.####..♣♣..#...
####......# #.......♣♣......
##.###..#.## #.......♣♣..###.
#.......#.#####..♣♣♣♣♣♣♣......
##.####.#..).@...♣♣♣♣♣♣♣..####
####.####.#######o........†.#
#.......#.# #o..†.......#
#.##.##.#>## .o...######### #
#.##..... <.....# ..##.....
##....# .####..... ..####.....
..........


You could see an orc priest.

Vanquished Creatures
  An adder (D:3)
  2 worms
  A dart slug (D:3)
  4 orcs
  2 bats (D:3)
  4 endoplasms
  2 giant cockroaches
  3 hobgoblins
  6 jackals
  7 ball pythons
  3 frilled lizards
  A goblin (D:1)
  4 kobolds
  2 rats (D:3)
42 creatures vanquished.

Notes
Turn   | Place    | Note
-------+----------+-------------------------------------------
     0 | D:1      | Newt the Kobold Arcane Marksman began the quest for the
                  | Orb.
     0 | D:1      | Reached XP level 1. HP: 12/12 MP: 2/2
    84 | D:1      | Reached skill level 3 in Ranged Weapons
   208 | D:1      | Reached XP level 2. HP: 16/16 MP: 3/3
   216 | D:1      | Found a faded altar of an unknown god.
   754 | D:2      | Found a shimmering altar of Xom.
   779 | D:2      | Identified the +8 quarterstaff of the Endless Expanse
                  | {flame, rN+ Dex+4}
   877 | D:2      | Reached skill level 4 in Ranged Weapons
   903 | D:2      | Reached XP level 3. HP: 20/20 MP: 4/4
  1119 | D:2      | You fall into a shaft and drop 1 floor!
  1571 | D:3      | Reached skill level 5 in Ranged Weapons
  1571 | D:3      | Reached XP level 4. HP: 25/25 MP: 5/5
  1916 | D:3      | HP: 1/26 [orc wizard/+0 dagger (1)]
  2355 | D:3      | Found a broken altar of Ashenzari.
  2483 | D:3      | Killed from afar by an orc priest

Illustrated notes

Levels and vault maps discovered:
D:1:      minmay_arrival_pointy, layout_basic,
          ebering_ecumenical_altar_petrified, minmay_tetromino_t2
D:2:      layout_loops_corners, basic_altar
D:3:      layout_loops_cross, mainiacjoe_overflow_chevrons, uniq_grinder
D:4:      layout_loops_ring, uniq_ijyb, uniq_eustachio

Skill      XL: |  1  2  3 |
---------------+----------+-----
Ranged Weapons | 3 4 5 |  5.4
Fighting       | |  1.6
Dodging        | |  2.4
Stealth        | |  0.7
Spellcasting   | |  1.1
Hexes          | |  3.0

Action                   |  1- 3 |  4- 6 || total
-------------------------+-------+-------++-------
 Fire: Sling             |    84 |    33 ||   117
 Cast: Slow              |     3 |     1 ||     4
  Use: Scroll            |     4 |     1 ||     5
Armor: Robe              |     1 |     3 ||     4
Dodge: Dodged            |    30 |    11 ||    41

Table legend: (Time is in decaauts)
 A = Elapsed time spent in this place.
 B = Non-inter-level travel time spent in this place.
 C = Inter-level travel time spent in this place.
 D = Time resting spent in this place.
 E = Time spent auto-exploring this place.
 F = Levels seen in this place.
 G = Mean time per level.
                   A        B        C        D        E       F      G
               +--------+--------+--------+--------+--------+-----+--------+
         Total |   2504 |   2504 |      0 |    567 |   1646 |   4 |  626.0 |
       Dungeon |   2504 |   2504 |      0 |    567 |   1646 |   4 |  626.0 |
               +--------+--------+--------+--------+--------+-----+--------+

Top non-repeatable levels by time:
     D:3: 1183 daAuts
     D:1: 761 daAuts
     D:2: 370 daAuts
     D:4: 189 daAuts
